 Dungeon Crawl Stone Soup version 0.28.0-1-gb440e238dd (webtiles) character file.

Game seed: 3424988621959942578

803 cbfl8 the Skirmisher (level 7, -4/61 HPs)
             Began as a Minotaur Delver on Feb 25, 2022.
             Slain by Prince Ribbit (14 damage)
             ... on level 5 of the Dungeon.
             The game lasted 00:11:20 (4491 turns).

cbfl8 the Skirmisher (Minotaur Delver)              Turns: 4491, Time: 00:11:21

Health: -4/61      AC: 11    Str: 16 (19) XL:     7   Next: 59%
Magic:  6/6        EV:  7    Int:  6 (7)  God:
Gold:   131        SH:  0    Dex:  9 (11) Spells: 6/6 levels left

rFire   . . .      SeeInvis .   k - +0 falchion
rCold   . . .      Faith    .   (no shield)
rNeg    . . .      Spirit   .   l - +0 chain mail
rPois   .          Reflect  .   (helmet restricted)
rElec   .          Harm     .   (no cloak)
rCorr   .          Rampage  .   j - +0 pair of gloves
Will    .....                   (no boots)
Stlth   ..........              (no amulet)
HPRegen 0.20/turn               (no ring)
MPRegen 0.10/turn               (no ring)

@: mighty, attractive, invisible (expiring)
A: horns 2, retaliatory headbutt
a: no special abilities


You were on level 5 of the Dungeon.
You visited 1 branch of the dungeon, and saw 5 of its levels.

You collected 131 gold pieces.

Inventory:

Hand Weapons
 a - a +0 hand axe
 k - a +0 falchion (weapon)
Armour
 b - a +0 leather armour
 j - a +0 pair of gloves (worn)
 l - a +0 chain mail (worn)
Wands
 g - a wand of digging (3)
 t - a wand of flame (16)
 w - a wand of iceblast (6)
Scrolls
 d - a scroll of magic mapping
 o - a scroll of identify
 v - a scroll of noise
Potions
 h - a potion of flight
 q - a potion of degeneration
 r - a potion of heal wounds {unknown}
 s - a potion of lignification {unknown}
 u - a potion of invisibility


   Skills:
 + Level 5.4 Fighting
 + Level 5.3 Long Blades
 + Level 3.2 Axes
 + Level 5.0 Armour
 + Level 3.0 Dodging
 + Level 5.2 Stealth
 + Level 0.6 Unarmed Combat


You had 6 spell levels left.
You didn't know any spells.
Your spell library contained the following spells:

 Spells                   Type           Power      Damage    Failure   Level
 Dazzling Flash           Conj/Hex       0%         N/A       100%        3
 Iskenderun's Mystic Bla  Conj/Tloc      0%         2d3       100%        4
 Starburst                Conj/Fire      0%         6d3       100%        6


Dungeon Overview and Level Annotations

Branches:
Dungeon (5/15)
 Temple: D:4-7

Altars:

Shops:
D:2 [

Annotations:
D:5 Prince Ribbit


Innate Abilities, Weirdness & Mutations

You have a pair of horns on your head.
You reflexively headbutt those who attack you in melee.


Message History

You hit the howler monkey.
You kill the howler monkey!
Prince Ribbit barely misses you. You furiously retaliate!
You headbutt Prince Ribbit. Prince Ribbit closely misses you.
The water moccasin zombie closely misses you.
You furiously retaliate!
You headbutt the water moccasin zombie!
Your Armour skill increases to level 5!
As you read the scroll labelled JUN DYINOCENY, it crumbles to dust.
You hear a loud clanging noise!
It was a scroll of noise.
Prince Ribbit hits you. The water moccasin zombie bites you.
* * * LOW HITPOINT WARNING * * *
As you read the scroll labelled GYPHUEPPIGH, it crumbles to dust.
It is a scroll of identify.
i - a scroll of immolation Prince Ribbit hits you.
* * * LOW HITPOINT WARNING * * *
The water moccasin zombie bites you but does no damage.
Prince Ribbit hits you but does no damage.
Really read the scroll of immolation? [Y]es or [N]o only, please.
Really read the scroll of immolation? [Y]es or [N]o only, please.
Really read the scroll of immolation?
As you read the scroll of immolation, it crumbles to dust.
The creatures around you are filled with an inner flame!
The water moccasin zombie bites you but does no damage.
Prince Ribbit hits you but does no damage.
You flicker for a moment.
It was a potion of attraction.
You feel attractive to monsters. Prince Ribbit hits you.
* * * LOW HITPOINT WARNING * * *
Prince Ribbit hits you.
* * * LOW HITPOINT WARNING * * *
It was a potion of might.
You feel very mighty all of a sudden.
The water moccasin zombie bites you but does no damage.
Prince Ribbit hits you!
You die...

#.#......#..
.......
#...........
.......
#...........
.......
#....§.....#
.......
#.§§§§!....#
##.###
#§§§§§§....# #. #
#§§§§§.....# #
##§ZF§§.....
#..§@......#
#..........#
#..........#
#..........#
#.##..........#
###.#..........##
..............#
#.........##.. #
#......>..#


You could see Prince Ribbit (inner flame) and a water moccasin zombie (inner
flame).

Vanquished Creatures
  An ice beast (D:5)
  A black bear (D:4)
  An ogre (D:5)
  3 scorpions
  2 water moccasin zombies (D:5)
  A howler monkey (D:5)
  A hound (D:5)
  Ijyb (D:3)
  Natasha (D:2)
  A gnoll (D:1)
  4 adders
  A white imp (D:5)
  An ufetubus (D:5)
  A worm (D:4)
  3 dart slugs
  2 orcs
  8 endoplasms
  2 giant cockroaches
  12 goblins
  10 hobgoblins
  7 kobolds
  4 quokkas
  6 ball pythons
  4 bats
  3 frilled lizards
  2 rats (D:3)
83 creatures vanquished.

Vanquished Creatures (others)
  2 fungi (D:2)
  6 plants (D:2)
8 creatures vanquished.

Grand Total: 91 creatures vanquished

Notes
Turn   | Place    | Note
-------+----------+-------------------------------------------
     0 | D:5      | cbfl8 the Minotaur Delver began the quest for the Orb.
     0 | D:5      | Reached XP level 1. HP: 19/19 MP: 0/0
     6 | D:5      | Noticed an ogre
    19 | D:5      | Noticed a water moccasin zombie
    27 | D:5      | Killed a water moccasin zombie
    28 | D:5      | Reached XP level 2. HP: 11/27 MP: 1/1
    28 | D:5      | Reached XP level 3. HP: 13/33 MP: 2/2
   289 | D:4      | Reached skill level 5 in Stealth
   439 | D:3      | Reached XP level 4. HP: 37/40 MP: 3/3
   538 | D:2      | Found a faded altar of an unknown god.
   545 | D:2      | Reached skill level 1 in Armour
  1403 | D:2      | Found Gisikk's Armour Boutique.
  1418 | D:2      | Reached skill level 1 in Long Blades
  1500 | D:2      | Noticed Natasha
  1513 | D:2      | Killed Natasha
  1514 | D:2      | Reached XP level 5. HP: 44/47 MP: 4/4
  2133 | D:3      | Noticed Ijyb
  2142 | D:3      | Killed Ijyb
  2384 | D:3      | Reached XP level 6. HP: 23/53 MP: 5/5
  3406 | D:5      | Noticed a sky beast
  3407 | D:5      | Noticed Prince Ribbit
  3664 | D:5      | Noticed an ice beast
  3687 | D:5      | Killed an ice beast
  3902 | D:5      | Reached skill level 5 in Fighting
  3902 | D:5      | Reached XP level 7. HP: 25/61 MP: 6/6
  4194 | D:5      | Reached skill level 5 in Long Blades
  4485 | D:5      | Reached skill level 5 in Armour
  4491 | D:5      | Slain by Prince Ribbit

Illustrated notes

Levels and vault maps discovered:
D:1:      minmay_arrival_semitransparent, layout_rooms
D:2:      layout_basic, dreamdust_ecumenical_altar_grove, serial_shops, shop,
          uniq_natasha
D:3:      layout_loops_cross, minmay_misc_feat_four_crosses, uniq_ijyb
D:4:      layout_gridville
D:5:      layout_rooms, minmay_pentangle, uniq_prince_ribbit1

Skill      XL: |  1  2  3  4  5  6  7 |
---------------+----------------------+-----
Fighting       | 4 5 |  5.4
Stealth        | 5 |  5.2
Axes           | 3 |  3.2
Armour         | 1 2 4 5 |  5.0
Long Blades    | 1 3 4 5 |  5.3
Dodging        | 3 |  3.0
Unarmed Combat | |  0.6

Action                   |  1- 3 |  4- 6 |  7- 9 || total
-------------------------+-------+-------+-------++-------
Melee: Hand axe          |    18 |       |       ||    18
       Headbutt          |     3 |    27 |     6 ||    36
       Falchion          |     2 |   188 |    34 ||   224
       Unarmed           |       |    10 |       ||    10
       Punch             |       |     3 |       ||     3
  Use: Potion            |       |     4 |     6 ||    10
       Scroll            |       |     1 |     5 ||     6
 Stab: Sleeping          |     1 |       |       ||     1
       Invisible         |       |       |     1 ||     1
Armor: Leather armour    |     5 |       |       ||     5
       Chain mail        |     1 |   134 |    32 ||   167
       Skin              |       |     3 |       ||     3
Dodge: Dodged            |    17 |   112 |    21 ||   150
